 Dungeon Crawl Stone Soup version 0.30-a0-782-ge64f9170bb (webtiles) character file.

Game seed: 8984195363681662898

1697 dohliylev the Grappler (level 8, -5/74 HPs)
             Began as a Troll Warper on Feb 18, 2023.
             Slain by a water moccasin (7 damage)
             ... on level 6 of the Dungeon on Feb 20, 2023.
             The game lasted 00:15:55 (4985 turns).

dohliylev the Grappler (Troll Warper)               Turns: 4985, Time: 00:15:55

Health: -5/74      AC:  2    Str: 22    XL:     8   Next: 72%
Magic:  2/11       EV: 10    Int:  9    God:
Gold:   251        SH:  0    Dex:  9    Spells: 7/12 levels left

rFire   . . .      SeeInvis .      - Unarmed
rCold   . . .      Faith    .    (no shield)
rNeg    . . .      Spirit   .    (body armour restricted)
rPois   .          Reflect  .    (helmet restricted)
rElec   .          Harm     .    (no cloak)
rCorr   .          Rampage  .    (gloves unavailable)
Will    .....                    (boots unavailable)
Stlth   +                        (no amulet)
HPRegen 1.12/turn                (no ring)
MPRegen 0.12/turn                (no ring)

@: lethally poisoned (-5 -> -6), very slightly contaminated
A: large, unfitting armour, claws 3, regeneration 1, shaggy fur 1, tough skin 1
a: no special abilities


You were on level 6 of the Dungeon.
You visited 2 branches of the dungeon, and saw 7 of its levels.
You also visited: Ossuary.

You collected 251 gold pieces.

Inventory:

Missiles
 c - 7 boomerangs of dispersal (quivered)
Armour
 a - a +0 robe
Jewellery
 l - an amulet of guardian spirit
Wands
 r - a wand of flame (2)
Scrolls
 b - 4 scrolls of blinking
 e - a scroll of identify
 f - 2 scrolls of fear
 h - a scroll of enchant armour
 o - 2 scrolls of teleportation
 q - a scroll of enchant weapon {unknown}
 s - a scroll of amnesia {unknown}
Potions
 d - 2 potions of heal wounds {unknown}
 g - 4 potions of curing {unknown}
 i - a potion of cancellation {unknown}
 j - 3 potions of degeneration {unknown}
 k - 2 potions of brilliance {unknown}
 m - 2 potions of haste {unknown}
 n - 2 potions of flight {unknown}
 p - 3 potions of invisibility {unknown}
 t - a potion of might {unknown}
 u - 2 potions of attraction {unknown}


   Skills:
 + Level 2.4 Fighting
 + Level 0.8 Throwing
 + Level 4.1 Dodging
 - Level 1.1 Stealth
 + Level 8.4 Unarmed Combat
 + Level 2.7 Spellcasting
 + Level 3.4 Translocations


You had 7 spell levels left.
You knew the following spells:

 Your Spells              Type           Power      Damage    Failure   Level
a - Blink                 Tloc           14%        N/A       12%         2
b - Teleport Other        Tloc           7%         N/A       22%         3

Your spell library contained the following spells:

 Spells                   Type           Power      Damage    Failure   Level
 Lesser Beckoning         Tloc           14%        N/A       12%         2
 Vhi's Electric Charge    Tloc/Air       8%         N/A       43%         3
 Manifold Assault         Tloc           7%         N/A       58%         4
 Arcjolt                  Conj/Air       0%         1d10      100%        5
 Malign Gateway           Summ/Tloc      2%         N/A       100%        7
 Maxwell's Capacitive Co  Air            0%         ∞         100%        8
 Summon Horrible Things   Summ           0%         N/A       100%        8


Dungeon Overview and Level Annotations

Branches:
Dungeon (6/15)             Temple (1/1) D:5         Ossuary (visited)

Altars:
Ashenzari
Cheibriados
Elyvilon
Fedhas
Gozag
Hepliaklqana
Kikubaaqudgha
Makhleb
Nemelex Xobeh
Okawaru
Qazlal
Sif Muna
Trog
Wu Jian
Xom
Yredelemnul
Zin
The Shining One
Lugonu


Innate Abilities, Weirdness & Mutations

You are too large for most types of armour.
You have claws for hands.
Your natural rate of healing is unusually fast.
You are covered in fur. (AC +1)
You have tough skin. (AC +1)


Message History

You closely miss the water moccasin.
You feel sick. The water moccasin bites you.
You are more poisoned.
The water moccasin poisons you! The hound bites you.
You closely miss the water moccasin.
You feel very sick. The hound misses you. The water moccasin bites you!
Casting: Blink (safe; 12% risk of failure)
Confirm with . or Enter, or press ? or * to list all spells.
Aiming: Teleport Other (dangerous; 22% risk of failure)
Press: ? - help, Shift-Dir - straight line, f - water moccasin
Aim: a water moccasin (chance to affect: 44%)
The water moccasin resists with some effort.
You feel very sick. The hound closely misses you.
The water moccasin closely misses you. The hound bites you.
* * * LOW HITPOINT WARNING * * *
The water moccasin bites you but does no damage.
Casting: Teleport Other (dangerous; 22% risk of failure)
Confirm with . or Enter, or press ? or * to list all spells.
Aiming: Teleport Other (dangerous; 22% risk of failure)
Press: ? - help, Shift-Dir - straight line, f/p - water moccasin
Aim: a water moccasin (chance to affect: 44%)
You miscast Teleport Other.
Nothing appears to happen.
You feel very sick. The hound barely misses you.
The water moccasin bites you but does no damage.
You feel sick. The hound barely misses you.
The water moccasin attacks as you move away!
The water moccasin closely misses you.
You feel stable enough to blink again.
You feel very sick. The water moccasin bites you.
* * * LOW HITPOINT WARNING * * *
You feel sick.
The water moccasin attacks as you move away!
The water moccasin bites you!
* * * LOW HITPOINT WARNING * * *
You feel sick. The water moccasin bites you!
You die...

#####
#.##.########.#
#.##.# #.....#
#.##.# #<##### #
#.##.# #.#
########.##.#
#.#
............#
#.#
#####.##.####
#.# #.#.#.## #.#
#..###.## #@#
#.## ##.####S#
#.).
##..[#h###.##
##.##
#............#
##.
#.#......$#.#.#
# #.##.......#
#.............:
#####...........
#.......#...


You could see a water moccasin and a hound.

Vanquished Creatures
  Sigmund (D:4)
  Eustachio (D:4)
  Edmund (D:4)
  2 ogres (D:5)
  A centaur (D:5)
  3 elf zombies (Ossuary)
  A necrophage (D:5)
  A scorpion (D:5)
  A howler monkey (D:4)
  2 centaur zombies (Ossuary)
  A hound (D:5)
  A jelly (D:6)
  A human zombie (Ossuary)
  2 orc priests (D:5)
  3 orc wizards (D:5)
  Natasha (thrice) (D:4)
  2 mummies (Ossuary)
  Robin (D:4)
  3 gnolls (D:4)
  10 adders
  2 white imps
  2 ufetubi
  An adder zombie (Ossuary)
  3 dart slugs
  17 orcs
  6 endoplasms
  7 giant cockroaches
  15 goblins
  4 hobgoblins
  A kobold (D:4)
  4 quokkas
  8 ball pythons
  4 bats
  4 frilled lizards
  A goblin zombie (Ossuary)
  10 hobgoblin zombies (Ossuary)
  A jackal zombie (Ossuary)
  8 kobold zombies (Ossuary)
  9 orc zombies (Ossuary)
  A rat (D:1)
  A rat zombie (Ossuary)
150 creatures vanquished.

Vanquished Creatures (others)
  A plant (D:4)
1 creature vanquished.

Grand Total: 151 creatures vanquished

Notes
Turn   | Place    | Note
-------+----------+-------------------------------------------
     0 | D:1      | dohliylev the Troll Warper began the quest for the Orb.
     0 | D:1      | Reached XP level 1. HP: 19/19 MP: 1/1
   545 | D:1      | Reached XP level 2. HP: 27/27 MP: 3/3
  1405 | D:2      | Reached XP level 3. HP: 33/33 MP: 4/4
  2051 | D:3      | Found a shimmering altar of Xom.
  2054 | D:3      | Found a basalt altar of Yredelemnul.
  2054 | D:3      | Found an ornate altar of the Wu Jian Council.
  2056 | D:3      | Found a blossoming altar of Fedhas.
  2056 | D:3      | Found a shimmering altar of Xom.
  2056 | D:3      | Found an ornate altar of the Wu Jian Council.
  2230 | D:4      | Reached XP level 4. HP: 39/41 MP: 5/5
  2235 | D:4      | Learned a level 2 spell: Blink
  2370 | D:4      | Reached skill level 3 in Unarmed Combat
  2419 | D:4      | Noticed Eustachio
  2432 | D:4      | Reached XP level 5. HP: 17/49 MP: 3/6
  2503 | D:4      | Killed Eustachio
  2504 | D:4      | Reached skill level 4 in Unarmed Combat
  2504 | D:4      | Reached XP level 6. HP: 40/57 MP: 7/7
  2535 | D:4      | Noticed Robin
  2551 | D:4      | Killed Robin
  2651 | D:4      | Noticed Natasha
  2657 | D:4      | Killed Natasha
  2724 | D:4      | Noticed Natasha
  2734 | D:4      | Killed Natasha
  2747 | D:4      | Noticed Natasha
  2756 | D:4      | Killed Natasha
  2757 | D:4      | Reached skill level 5 in Unarmed Combat
  3271 | D:4      | Noticed Sigmund
  3410 | D:4      | Killed Sigmund
  3411 | D:4      | Reached skill level 1 in Stealth
  3411 | D:4      | Reached XP level 7. HP: 43/63 MP: 9/9
  3443 | D:4      | Noticed Edmund
  3509 | D:4      | Killed Edmund
  3510 | D:4      | Reached skill level 6 in Unarmed Combat
  3515 | D:4      | Learned a level 3 spell: Teleport Other
  3746 | D:5      | Entered Level 5 of the Dungeon
  3765 | D:5      | Found a shimmering blue altar of Sif Muna.
  3767 | D:5      | Found a broken altar of Ashenzari.
  3770 | D:5      | Found a glowing golden altar of the Shining One.
  3774 | D:5      | Found a snail-covered altar of Cheibriados.
  3775 | D:5      | Found a white marble altar of Elyvilon.
  3777 | D:5      | Found a blossoming altar of Fedhas.
  3782 | D:5      | Found an ancient bone altar of Kikubaaqudgha.
  3785 | D:5      | Found a hazy altar of Hepliaklqana.
  3786 | D:5      | Found a burning altar of Makhleb.
  3795 | D:5      | Found a staircase to the Ecumenical Temple.
  3881 | D:5      | Found a sand-covered staircase.
  3887 | D:5      | Identified the +0 leather armour of the New World {rPois
                  | Will+ Int-4}
  3892 | Ossuary  | Entered an ossuary
  4107 | Ossuary  | Reached XP level 8. HP: 38/72 MP: 6/10
  4196 | Ossuary  | Reached skill level 7 in Unarmed Combat
  4400 | D:5      | Reached skill level 8 in Unarmed Combat
  4818 | Temple   | Entered the Ecumenical Temple
  4924 | D:6      | Found a stormy altar of Qazlal.
  4985 | D:6      | HP: 3/74 [water moccasin (7)]
  4985 | D:6      | Slain by a water moccasin

Illustrated notes

Levels and vault maps discovered:
D:1:      eino_arrival_cavern_e, layout_basic
D:2:      layout_basic, grunt_ministairs_15, chequers_arboretum, minivault_11
D:3:      layout_basic, doesnt_xom_only_xom, mrwooster_statue_mirror,
          fountainhead
D:4:      layout_basic, sigmund_edmund_badplayer, uniq_sigmund, uniq_natasha,
          uniq_eustachio, uniq_robin, uniq_edmund
D:5:      layout_basic, nicolae_overflow_hallway_of_the_gods,
          minmay_temple_entry_statues_fountains, enter_ossuary_1
D:6:      layout_loops_ring, lemuel_tele_altar, mainiacjoe_overflow_24_doors,
          serial_shops, shop, grunt_decor_resistance, uniq_menkaure
Temple:   corrupted_temple

Skill      XL: |  1  2  3  4  5  6  7  8 |
---------------+-------------------------+-----
Dodging        | 2 3 4 |  4.1
Unarmed Combat | 3 4 5 6 8 |  8.4
Spellcasting   | 2 |  2.7
Stealth        | 1 |  1.1
Fighting       | 2 |  2.4
Translocations | 3 |  3.4
Throwing       | |  0.8

Action                     |  1- 3 |  4- 6 |  7- 9 || total
---------------------------+-------+-------+-------++-------
  Melee: Unarmed           |    97 |   134 |   210 ||   441
         Punch             |       |     3 |     8 ||    11
   Cast: Blink             |       |    11 |    11 ||    22
         Teleport Other    |       |       |     1 ||     1
    Use: Scroll            |       |       |     9 ||     9
   Stab: Sleeping          |     1 |     1 |     2 ||     4
         Distracted        |       |       |     1 ||     1
 Armour: Robe              |    30 |       |       ||    30
         Skin              |       |    10 |    44 ||    54
  Dodge: Dodged            |    45 |    57 |    95 ||   197

Table legend: (Time is in decaauts)
 A = Elapsed time spent in this place.
 B = Non-inter-level travel time spent in this place.
 C = Inter-level travel time spent in this place.
 D = Time resting spent in this place.
 E = Time spent auto-exploring this place.
 F = Levels seen in this place.
 G = Mean time per level.
                   A        B        C        D        E       F      G
               +--------+--------+--------+--------+--------+-----+--------+
         Total |   4943 |   4577 |    366 |    448 |   2964 |   8 |  617.9 |
       Dungeon |   4564 |   4210 |    354 |    399 |   2829 |   6 |  760.7 |
        Temple |     42 |     30 |     12 |      0 |     24 |   1 |   42.0 |
       Ossuary |    336 |    336 |      0 |     49 |    111 |   1 |  336.0 |
               +--------+--------+--------+--------+--------+-----+--------+

Top non-repeatable levels by time:
     D:4: 1548 daAuts
     D:1: 896 daAuts
     D:5: 733 daAuts
     D:2: 708 daAuts
     D:3: 575 daAuts
 Ossuary: 336 daAuts
     D:6: 100 daAuts
  Temple: 42 daAuts
